 Dungeon Crawl Stone Soup version 0.30-a0-883-g5ad918d77d (webtiles) character file.

Game seed: 6345437174029414137

1247 FallingFreak the Chiller (level 8, -2/67 HPs)
             Began as a Ghoul Ice Elementalist on Mar 16, 2023.
             Was an Initiate of Okawaru.
             Slain by an orc warrior
             ... wielding a +0 lajatang
              (19 damage)
             ... on level 6 of the Dungeon on Mar 17, 2023.
             The game lasted 00:41:23 (9094 turns).

FallingFreak the Chiller (Ghoul Ice Elementalist)   Turns: 9094, Time: 00:41:24

Health: -2/67      AC: 12    Str: 15    XL:     8   Next: 50%
Magic:  13/22      EV: 11    Int: 12    God:    Okawaru [......]
Gold:   284        SH:  0    Dex:  9    Spells: 9/16 levels left

rFire   + + .      SeeInvis .    b - +1 shortbow (heavy)
rCold   + . .      Faith    .    (shield currently unavailable)
rNeg    + + +      Spirit   .    G - +3 leather armour of Elapn {rF++ Str+3}
rPois   ∞          Reflect  .    A - +0 helmet
rElec   .          Rampage  .    (no cloak)
rCorr   .                        (no gloves)
Will    +....                    (no boots)
Stlth   ++                       (no amulet)
HPRegen 0.00/turn                e - ring of willpower
MPRegen 0.18/turn                C - ring of magical power

@: ice-armoured, freezing walls, inhibited regen
A: claws 1, cold resistance 1, negative energy resistance 3, inhibited
regeneration, torment resistance 2, devour on kill
a: Renounce Religion


You were on level 6 of the Dungeon.
You worshipped Okawaru.
Okawaru was noncommittal.
You visited 2 branches of the dungeon, and saw 7 of its levels.

You collected 284 gold pieces.

Inventory:

Hand Weapons
 a - a +0 halberd
 b - a +1 heavy shortbow (weapon)
 M - a +1 dagger of flaming
 N - a +0 trident
Missiles
 v - 5 poisoned darts
 L - 7 boomerangs
Armour
 l - a +0 ring mail
 q - a +1 chain mail of fire resistance
 A - a +0 helmet (worn)
 D - a +0 robe
 G - the +3 leather armour of Elapn (worn) {rF++ Str+3}
   (You found it on level 4 of the Dungeon)

   Str:       It affects your strength (+3).
   rF:        It greatly protects you from fire.
Jewellery
 e - a ring of willpower (left claw)
 C - a ring of magical power (right claw)
Wands
 i - a wand of digging (5)
 n - a wand of iceblast (6)
 o - a wand of flame (8)
Scrolls
 c - a scroll of enchant armour {unknown}
 g - a scroll of noise {unknown}
 h - a scroll of poison {unknown}
 k - 5 scrolls of teleportation {unknown}
 m - a scroll of silence {unknown}
 p - a scroll of fear {unknown}
 s - 4 scrolls of immolation {unknown}
 u - 2 scrolls of magic mapping {unknown}
 w - 2 scrolls of vulnerability {unknown}
 y - a scroll of identify {unknown}
 F - a scroll of amnesia {unknown}
 H - a scroll of acquirement {unknown}
 K - a scroll of blinking {unknown}
Potions
 d - a potion of lignification {unknown}
 f - a potion of invisibility {unknown}
 j - 2 potions of brilliance {unknown}
 r - 2 potions of heal wounds {unknown}
 t - 6 potions of curing {unknown}
 x - 3 potions of magic
 z - a potion of might {unknown}
 B - a potion of berserk rage {unknown}
 E - 3 potions of mutation {unknown}
 I - a potion of attraction {unknown}
 J - 2 potions of ambrosia {unknown}


   Skills:
 + Level 4.6 Fighting
 - Level 1.9 Polearms
 + Level 1.1 Ranged Weapons
 + Level 4.1 Armour
 - Level 2.1 Dodging
 - Level 3.3 Stealth
 + Level 4.5 Spellcasting
 - Level 6.2 Ice Magic


You had 9 spell levels left.
You knew the following spells:

 Your Spells              Type           Power      Damage    Failure   Level
z - Ozocubu's Armour      Ice            17%        N/A       6%          3
A - Frozen Ramparts       Ice            34%        1d6       6%          3
Z - Freeze                Ice            68%        1d8       1%          1

Your spell library contained the following spells:

 Spells                   Type           Power      Damage    Failure   Level
 Sandblast                Erth           4%         2d4       26%         1
 Passwall                 Tmut/Erth      1%         N/A       36%         2
 Scorch                   Fire           4%         2d5       36%         2
 Stone Arrow              Conj/Erth      4%         3d7       61%         3
 Flame Wave               Conj/Fire      2%         2d4       95%         4
 Summon Ice Beast         Ice/Summ       Unusable   N/A       N/A         4
 Summon Cactus Giant      Summ           Unusable   N/A       N/A         6

Dungeon Overview and Level Annotations

Branches:
Dungeon (6/15) Zot: 25999  Temple (1/1) D:6 Zot: 5624

Altars:
Ashenzari
Cheibriados
Dithmenos
Gozag
Hepliaklqana
Makhleb
Nemelex Xobeh
Okawaru
Qazlal
Ru
Sif Muna
Trog
Vehumet
Yredelemnul

Annotations:
D:2 Sigmund


Innate Abilities, Weirdness & Mutations

You are immune to poison.
You have sharp fingernails.
Your flesh is cold resistant. (rC+)
You are immune to negative energy. (rN+++)
You do not regenerate when monsters are visible.
You are immune to unholy pain and torment.
You thrive by killing the living.


Message History

The wall freezes the orc warrior but does no damage.
The orc warrior hits you with a +0 lajatang!
* * * LOW HITPOINT WARNING * * *
Unknown command.
Casting: Freeze (safe; 1% risk of failure)
Confirm with . or Enter, or press ? or * to list all spells.
A film of ice covers your body!
The wall freezes the orc warrior but does no damage.
The orc warrior hits you but does no damage.
Casting: Ozocubu's Armour (dangerous; 6% risk of failure)
Confirm with . or Enter, or press ? or * to list all spells.
Aiming: Freeze (safe; 1% risk of failure)
Press: ? - help, Shift-Dir - straight line, f/p - orc warrior
Aim: an orc warrior, wielding a +0 lajatang and wearing a +0 plate armour (moderately wounded)
You freeze the orc warrior.
The orc warrior is moderately wounded.
The wall freezes the orc warrior but does no damage.
The orc warrior hits you with a +0 lajatang!
* * * LOW HITPOINT WARNING * * *
Unknown command.
Casting: Freeze (safe; 1% risk of failure)
Confirm with . or Enter, or press ? or * to list all spells.
Aiming: Freeze (safe; 1% risk of failure)
Press: ? - help, Shift-Dir - straight line, f/p - orc warrior
Aim: an orc warrior, wielding a +0 lajatang and wearing a +0 plate armour (moderately wounded)
You freeze the orc warrior.
The orc warrior is moderately wounded.
The wall freezes the orc warrior but does no damage.
The orc warrior hits you but does no damage.
Unknown command.
Casting: Freeze (safe; 1% risk of failure)
Confirm with . or Enter, or press ? or * to list all spells.
Aiming: Freeze (safe; 1% risk of failure)
Press: ? - help, Shift-Dir - straight line, f/p - orc warrior
Aim: an orc warrior, wielding a +0 lajatang and wearing a +0 plate armour (moderately wounded)
You freeze the orc warrior.
The orc warrior is moderately wounded.
The wall freezes the orc warrior but does no damage.
The orc warrior hits you with a +0 lajatang!!
You die...

#... #....# ####...........####[
#...# #.#.o###.@.....######## #.
# #....###....##o##.##.# #. .
#...#...#..#.##.##.##### ## ..
#.....#.....##........######
..#####.>.#####..##..#.###......#
#....#.....# ..........###......#
....#...#...#.....#..##.........#
.......###......#.#..##.##.)....#
##.#..#.#.#..####.#.............#
.. ##...#...## ##.#.........#####
##..#..## .....#.#.###.# #.....#
#.#......##.# #...##.#
#...........# ###:#
Y..##.#..#.##.# ##### #......Y.>
# #.......###.... #.#.###YY.
##.#........###


You could see an orc warrior.

Vanquished Creatures
  A water moccasin (D:5)
  An orc warrior (D:6)
  An ice beast (D:6)
  2 centaurs
  A phantom (D:5)
  A scorpion (D:5)
  A hound (D:5)
  2 jellies (D:5)
  4 orc priests
  Terence (D:2)
  A sleepcap (D:6)
  3 iguanas
  4 orc wizards
  Robin (D:3)
  3 gnolls
  7 adders
  2 shadow imps (D:5)
  2 white imps
  An ufetubus (D:6)
  2 worms
  A dart slug (D:1)
  10 orcs
  4 endoplasms
  A giant cockroach (D:2)
  16 goblins
  6 hobgoblins
  4 jackals (D:5)
  2 quokkas
  6 ball pythons
  5 bats
  5 frilled lizards
  4 kobolds
  4 rats
109 creatures vanquished.

Notes
Turn   | Place    | Note
-------+----------+-------------------------------------------
     0 | D:1      | FallingFreak the Ghoul Ice Elementalist began the quest for
                  | the Orb.
     0 | D:1      | Reached XP level 1. HP: 14/14 MP: 2/2
    16 | D:1      | You miscast Freeze.
   746 | D:1      | You miscast Freeze.
   834 | D:1      | Reached XP level 2. HP: 20/20 MP: 1/3
  1251 | D:1      | You miscast Freeze.
  1912 | D:2      | Noticed Sigmund
  1979 | D:2      | Found a bloodstained altar of Trog.
  2162 | D:2      | Increase (s)trength, (i)ntelligence, or (d)exterity?
  2162 | D:2      | Reached XP level 3. HP: 22/26 MP: 5/5
  2340 | D:2      | Found a faded altar of an unknown god.
  2367 | D:2      | Noticed Terence
  2374 | D:2      | You miscast Freeze.
  2377 | D:2      | You miscast Freeze.
  2379 | D:2      | Killed Terence
  2380 | D:2      | Reached XP level 4. HP: 9/33 MP: 6/6
  2651 | D:2      | You miscast Freeze.
  2654 | D:2      | Reached skill level 1 in Armour
  2834 | D:3      | Reached skill level 5 in Ice Magic
  3076 | D:3      | You miscast Freeze.
  3096 | D:3      | Noticed Robin
  3162 | D:3      | Reached XP level 5. HP: 35/39 MP: 7/7
  3310 | D:3      | Learned a level 3 spell: Frozen Ramparts
  3314 | D:3      | Learned a level 3 spell: Ozocubu's Armour
  3649 | D:3      | You miscast Frozen Ramparts.
  3708 | D:3      | Killed Robin
  3709 | D:3      | Reached skill level 1 in Fighting
  4069 | D:3      | You miscast Frozen Ramparts.
  4168 | D:4      | Found a radiant altar of Vehumet.
  4265 | D:4      | You miscast Freeze.
  4377 | D:4      | Identified the +3 leather armour of Elapn {rF++ Str+3}
  4715 | D:4      | You miscast Frozen Ramparts.
  4716 | D:4      | You miscast Frozen Ramparts.
  4720 | D:4      | Reached XP level 6. HP: 32/47 MP: 6/9
  5387 | D:5      | Entered Level 5 of the Dungeon
  5456 | D:5      | You miscast Freeze.
  5469 | D:5      | Noticed a water moccasin
  5478 | D:5      | You miscast Freeze.
  5479 | D:5      | Killed a water moccasin
  5738 | D:5      | Reached XP level 7. HP: 56/56 MP: 11/11
  5882 | D:5      | Reached skill level 6 in Ice Magic
  6330 | D:4      | You miscast Freeze.
  7757 | D:6      | Reached skill level 1 in Polearms
  7825 | D:6      | Reached XP level 8. HP: 66/66 MP: 13/13
  7993 | D:6      | Noticed a yak
  8073 | D:6      | Found a staircase to the Ecumenical Temple.
  8154 | Temple   | Entered the Ecumenical Temple
  8456 | Temple   | Became a worshipper of Warmaster Okawaru
  8563 | D:6      | Noticed a yak
  8563 | D:6      | Noticed a yak
  8563 | D:6      | Noticed a yak
  8708 | D:6      | You miscast Freeze.
  8714 | D:6      | Reached skill level 1 in Ranged Weapons
  9094 | D:6      | Slain by an orc warrior

Illustrated notes

Levels and vault maps discovered:
D:1:      minmay_arrival_doors, layout_basic
D:2:      layout_rooms, basic_altar, shapermc_ecumenical_altar_pompeii,
          uniq_sigmund, uniq_terence
D:3:      layout_loops_ring, uniq_robin
D:4:      layout_loops_ring, vehumet_crystals
D:5:      layout_cave_pools, kennysheep_nub
D:6:      layout_loops_cross, minmay_temple_entry_arrows
Temple:   minmay_temple_bridge_d

Skill      XL: |  1  2  3  4  5  6  7  8 |
---------------+-------------------------+-----
Dodging        | 2 |  2.1
Spellcasting   | 2 3 4 |  4.5
Stealth        | 3 |  3.3
Armour         | 1 2 3 4 |  4.1
Ice Magic      | 5 6 |  6.2
Fighting       | 1 2 3 4 |  4.6
Polearms       | 1 |  1.9
Ranged Weapons | 1 |  1.1

Action                     |  1- 3 |  4- 6 |  7- 9 || total
---------------------------+-------+-------+-------++-------
  Melee: Dagger            |     9 |    27 |    20 ||    56
         Unarmed           |     3 |       |       ||     3
         Punch             |       |     1 |       ||     1
         Halberd           |       |       |    67 ||    67
   Fire: Shortbow          |       |       |     8 ||     8
  Throw: Dart              |       |    11 |     9 ||    20
         Boomerang         |       |       |     1 ||     1
   Cast: Freeze            |    42 |    82 |    41 ||   165
         Frozen Ramparts   |       |    21 |    28 ||    49
         Ozocubu's Armour  |       |     1 |     5 ||     6
  Evoke: Wand              |       |       |     4 ||     4
   Stab: Sleeping          |       |     2 |       ||     2
 Armour: Robe              |     5 |    17 |       ||    22
         Leather armour    |       |       |    68 ||    68
  Dodge: Dodged            |    35 |    63 |    77 ||   175

Table legend: (Time is in decaauts)
 A = Elapsed time spent in this place.
 B = Non-inter-level travel time spent in this place.
 C = Inter-level travel time spent in this place.
 D = Time resting spent in this place.
 E = Time spent auto-exploring this place.
 F = Levels seen in this place.
 G = Mean time per level.
                   A        B        C        D        E       F      G
               +--------+--------+--------+--------+--------+-----+--------+
         Total |   9145 |   8747 |    398 |   4168 |   3175 |   7 | 1306.4 |
       Dungeon |   8769 |   8519 |    250 |   4168 |   2960 |   6 | 1461.5 |
        Temple |    375 |    227 |    148 |      0 |    215 |   1 |  375.0 |
               +--------+--------+--------+--------+--------+-----+--------+

Top non-repeatable levels by time:
     D:5: 2041 daAuts
     D:1: 1938 daAuts
     D:4: 1839 daAuts
     D:3: 1387 daAuts
     D:2: 941 daAuts
     D:6: 620 daAuts
  Temple: 375 daAuts
